 Dungeon Crawl Stone Soup version 0.30-a0-591-g3c58d2bc28 (webtiles) character file.

Game seed: 10990410299279815271

46970 cforsyth the Earth Mage (level 14, -2/94 HPs)
             Began as a Gargoyle Earth Elementalist on Jan 5, 2023.
             Was a High Priest of Vehumet.
             Killed from afar by a rime drake (33 damage)
             ... with an icy flash freeze
             ... on level 4 of the Lair of Beasts.
             The game lasted 01:01:35 (30197 turns).

cforsyth the Earth Mage (GrEE)                     Turns: 30197, Time: 01:01:35

Health: -2/94      AC: 27    Str: 12    XL:     14   Next: 39%
Magic:  8/29       EV: 16    Int: 32    God:    Vehumet [*****.]
Gold:   613        SH:  0    Dex: 10    Spells: 21/35 levels left

rFire   . . .      SeeInvis +    (no weapon)
rCold   . . .      Faith    .    m - orb {light}
rNeg    + . .      Spirit   .    t - +3 scale mail of Card Tricks {Int+2 SInv}
rPois   ∞          Reflect  .    C - +1 helmet {Int+3}
rElec   +          Harm     .    H - +0 cloak
rCorr   .          Rampage  .    r - +0 pair of gloves
Will    +....                    L - +0 pair of boots Stlth
                                 (no amulet)
HPRegen 0.35/turn                J - +5 ring of evasion
MPRegen 0.21/turn                X - +6 ring of intelligence

@: flying, glowing, studying Fighting
A: sickness immunity, AC +10, big wings, negative energy resistance 1,
electricity resistance, torment resistance 1, petrification resistance
a: Renounce Religion


You were on level 4 of the Lair of Beasts.
You worshipped Vehumet.
Vehumet was extremely pleased with you.
You visited 2 branches of the dungeon, and saw 17 of its levels.

You collected 1105 gold pieces.
You spent 492 gold pieces at shops.

Inventory:

Hand Weapons
 b - the +3 arbalest of Eternal Night {speed, Dex+4}
   (You took it off a centaur warrior on level 9 of the Dungeon)

   Dex:       It affects your dexterity (+4).
Missiles
 N - a throwing net
Armour
 m - an orb of light (worn)
 r - a +0 pair of gloves (worn)
 t - the +3 scale mail of Card Tricks (worn) {Int+2 SInv}
   (You found it on level 3 of the Dungeon)

   Int:       It affects your intelligence (+2).
   SInv:      It lets you see invisible.
 C - a +1 helmet of intelligence (worn)
 H - a +0 cloak (worn)
 L - a +0 pair of boots (worn)
 M - a +2 buckler
Magical Staves
 P - a staff of conjuration
Jewellery
 d - a ring of resist corrosion
 q - a ring of see invisible
 w - a ring of fire
 x - a ring of positive energy
 J - a +5 ring of evasion (left hand)
 K - a ring of ice
 S - a ring of ice
 X - a +6 ring of intelligence (right hand)
 Y - a +6 ring of strength
Wands
 i - a wand of flame (10)
 u - a wand of digging (4)
 D - a wand of charming (6)
 G - a wand of roots (20)
 T - a wand of quicksilver (7)
 Z - a wand of mindburst (12)
Scrolls
 c - a scroll of magic mapping
 e - 2 scrolls of silence
 f - 3 scrolls of blinking
 g - 3 scrolls of teleportation
 h - a scroll of enchant weapon
 k - 2 scrolls of enchant armour
 n - a scroll of poison
 p - a scroll of summoning
 s - 3 scrolls of immolation
 y - 2 scrolls of amnesia
 A - a scroll of acquirement {unknown}
 B - a scroll of fear {unknown}
 V - a scroll of fog {unknown}
Potions
 a - 4 potions of ambrosia
 j - 6 potions of haste
 l - 3 potions of cancellation
 o - a potion of resistance
 v - 7 potions of brilliance
 z - 4 potions of mutation
 E - a potion of heal wounds
 F - 3 potions of invisibility
 I - 5 potions of flight
 O - a potion of magic
 Q - 2 potions of lignification
 R - 2 potions of attraction {unknown}
 U - 3 potions of curing {unknown}
 W - a potion of might {unknown}


   Skills:
 + Level 13.0 Fighting
 - Level 7.0 Armour
 + Level 7.3 Dodging
 - Level 2.1 Stealth
 + Level 11.3 Spellcasting
 + Level 11.2 Conjurations
 - Level 4.0 Necromancy
 - Level 0.7 Transmutations
 * Level 15.5 Earth Magic


You had 21 spell levels left.
You knew the following spells:

 Your Spells              Type           Power      Damage    Failure   Level
a - Sandblast             Erth           100%       2d20      0%          1
b - Stone Arrow           Conj/Erth      100%       3d13      1%          3
c - Lee's Rapid Deconstr  Erth           43%        3d21*     1%          5
d - Borgnjor's Vile Clut  Necr/Erth      34%        N/A       5%          5

Your spell library contained the following spells:

 Spells                   Type           Power      Damage    Failure   Level
 Arcjolt                  Conj/Air       26%        1d36      9%          5
 Kiss of Death            Conj/Necr      100%       2d13      1%          1
 Passwall                 Tmut/Erth      52%        N/A       1%          2
 Hailstorm                Conj/Ice       52%        3d12      1%          3
 Mephitic Cloud           Conj/Pois/Air  42%        N/A       2%          3
 Freeze                   Ice            72%        1d8       3%          1
 Flame Wave               Conj/Fire      52%        2d13      3%          4
 Fulminant Prism          Conj/Hex       26%        3d14      3%          4
 Iskenderun's Mystic Bla  Conj/Tloc      52%        2d11      3%          4
 Sticky Flame             Conj/Fire      52%        2d7       3%          4
 Poisonous Vapours        Pois/Air       36%        N/A       4%          2
 Petrify                  Tmut/Erth      63%        N/A       4%          4
 Frozen Ramparts          Ice            36%        1d6       9%          3
 Inner Flame              Hex/Fire       18%        N/A       9%          3
 Kindle Blastsparks       Fire/Tloc/Air  36%        2d13      9%          3
 Simulacrum               Ice/Necr       15%        N/A       100%        6
 Borgnjor's Revivificati  Necr           21%        N/A       100%        8
 Cigotuvi's Dreadful Rot  Necr/Pois/Air  Unusable   N/A       N/A         2

Dungeon Overview and Level Annotations

Branches:
Dungeon (13/15)            Temple (0/1) D:7            Lair (4/5) D:11
  Swamp (0/4) Lair:2        Snake (0/4) Lair:3          Orc (0/2) D:11
  Slime: Lair:4-5    Vaults: D:13-14

Altars:
Cheibriados
Dithmenos
Elyvilon
Gozag
Kikubaaqudgha
Makhleb
Nemelex Xobeh
Qazlal
Ru
Sif Muna
Trog
Vehumet
Wu Jian
Yredelemnul

Shops:
D:3 !   D:8 *   D:9 *   D:10 (

Annotations:
D:9 2 transporters, avis's ghost, novice DgHu
D:11 3 runed translucent doors, exclusion: obsidian statue, sirJeffrey23's ghost, journeyman DECj
Lair:2 3 runed translucent doors, Pacea's ghost, journeyman OpWn


Innate Abilities, Weirdness & Mutations

You are immune to sickness and miasma.
Your stone body is resilient. (AC +10)
You are immune to poison.
Your large and strong wings let you fly.
You resist negative energy. (rN+)
You are resistant to electric shocks. (rElec)
You are resistant to unholy torment.
You are immune to petrification.


Message History

The ice encasing you melts away. The rime drake breathes ice at you.
The icy flash freeze hits you!
You are encased in ice.
The polar bear barely misses you.
The polar bear claws you but does no damage. x2
The rime drake closely misses you.
The polar bear attacks as you move away!
The polar bear completely misses you.
The polar bear claws you but does no damage.
The polar bear misses you. The ice encasing you melts away.
The elephant attacks as you move away! The elephant tramples you!
The elephant closely misses you. The elephant attacks as you move away!
The elephant tramples you.
The elephant trunk-slaps you but does no damage.
Casting: Borgnjor's Vile Clutch (dangerous; 5% risk of failure)
Confirm with . or Enter, or press ? or * to list all spells.
Aiming: Borgnjor's Vile Clutch (dangerous; 5% risk of failure)
Press: ? - help, Shift-Dir - straight line, f - cane toad, p - elephant
Aim: a cane toad (haloed, 100% to hit)
Zombie hands grab the polar bear.
Zombie hands grab the cane toad.
The zombie hands constrict the polar bear.
The zombie hands constrict the cane toad.
The cane toad struggles to escape constriction.
The polar bear bites you but does no damage.
The polar bear barely misses you.
The polar bear claws you but does no damage.
The zombie hands constrict the polar bear!
The zombie hands constrict the cane toad.
The polar bear struggles to escape constriction.
The cane toad struggles to escape constriction.
The zombie hands lose their grip on something. x2
A komodo dragon comes into view.
Found an executioner's axe.
The komodo dragon bites you! The komodo dragon bites you!!
The rime drake breathes ice at you. The icy flash freeze hits you!!
You die...

.P #......###...##
..#####.....###.#Y.##
.
...#.#.##...####....#
.. .............#
#.F.## ...
....Y......>##
##YF.#...
....#####....#
#.hk..# ..## #...##
#...### . ....#
##l..## ....# #.@..P#
#..........##
.......)..#
..........#
.....P#....
...####..... ...
....... .. #.......


You could see 2 elephants, a polar bear, a komodo dragon, 2 cane toads and a
rime drake (catching breath).

Vanquished Creatures
  Gastronok (D:8)
  Nessos (Lair:4)
  Azrael (D:11)
  Harold (D:10)
  A catoblepas (D:9)
  2 hydras (Lair:2)
  2 centaur warriors
  Erica (D:8)
  A boulder beetle (D:10)
  4 two-headed ogres
  Pikel (D:5)
  3 ugly things
  A deep elf pyromancer (D:9)
  3 cyclopes
  4 elephants (Lair:3)
  5 cane toads
  2 gargoyles
  8 black mambas
  An unseen horror (D:12)
  A rime drake (Lair:3)
  Maggie (D:10)
  6 komodo dragons
  A freezing wraith (D:12)
  Psyche (D:7)
  A tengu conjurer (D:9)
  6 trolls
  A polar bear (Lair:1)
  2 hornets
  5 blink frogs (Lair:3)
  5 wraiths
  2 vampires
  3 wyverns
  17 slime creatures
  59 yaks
  8 vampire mosquitoes
  4 fire elementals (D:11)
  Grum (D:11)
  2 basilisks
  A steam dragon (D:9)
  3 swamp worms (Lair:2)
  Edmund (D:5)
  2 acid dragons
  14 water moccasins
  Duvessa (D:7)
  4 hell hounds
  6 orc warriors
  3 sky beasts
  2 black bears
  2 ice beasts (D:6)
  4 ogres
  2 wolves (D:11)
  4 centaurs
  2 lemures
  7 kobold brigands
  8 bullfrogs
  3 necrophages
  A scorpion (D:7)
  A wyvern zombie (D:6)
  3 gnoll sergeants (D:11)
  2 wights
  Dowan (D:7)
  5 killer bees
  3 howler monkeys
  5 bullfrog zombies (D:6)
  A crimson imp (D:4)
  3 hounds
  8 orc priests
  A jelly (D:4)
  A human zombie (D:6)
  3 iguanas
  13 orc wizards
  3 killer bee zombies (D:6)
  10 gnolls
  8 adders
  3 white imps
  An ufetubus (D:5)
  2 worms (D:2)
  3 dart slugs
  32 orcs
  6 ball pythons
  6 endoplasms
  2 giant cockroaches
  8 goblins
  4 hobgoblins
  6 jackals (D:2)
  6 quokkas
  6 bats
  3 frilled lizards
  18 kobolds
  7 rats
423 creatures vanquished.

Vanquished Creatures (collateral kills)
  An orc warrior (D:9)
  4 orcs (D:9)
5 creatures vanquished.

Vanquished Creatures (others)
  17 fungi
  73 plants
90 creatures vanquished.

Grand Total: 518 creatures vanquished

Notes
Turn   | Place    | Note
-------+----------+-------------------------------------------
     0 | D:1      | cforsyth the Gargoyle Earth Elementalist began the quest
                  | for the Orb.
     0 | D:1      | Reached XP level 1. HP: 10/10 MP: 3/3
    38 | D:1      | You fall into a shaft and drop 1 floor!
   177 | D:1      | Reached XP level 2. HP: 15/15 MP: 1/5
   178 | D:1      | Reached skill level 4 in Earth Magic
   657 | D:1      | Reached XP level 3. HP: 19/19 MP: 2/7
  1257 | D:2      | Reached XP level 4. HP: 8/24 MP: 2/8
  1773 | D:2      | Reached skill level 5 in Earth Magic
  2275 | D:2      | Found an ancient bone altar of Kikubaaqudgha.
  2485 | D:2      | Got Kikubaaqudgha's Opusculum on Lamentation
  2565 | D:3      | Found Vieckema's Distillery.
  2573 | D:3      | Reached XP level 5. HP: 28/28 MP: 8/10
  2589 | D:3      | Bought a potion of degeneration for 12 gold pieces
  2746 | D:3      | Identified the +3 scale mail of Card Tricks {Int+2 SInv}
  3294 | D:4      | Found an ornate altar of the Wu Jian Council.
  3415 | D:4      | Noticed a water moccasin
  3420 | D:4      | Killed a water moccasin
  3421 | D:4      | Reached skill level 1 in Armour
  3421 | D:4      | Reached skill level 6 in Earth Magic
  3421 | D:4      | Reached XP level 6. HP: 32/32 MP: 7/12
  3610 | D:4      | Found a burning altar of Makhleb.
  3640 | D:4      | Found a radiant altar of Vehumet.
  3651 | D:4      | Found a shadowy altar of Dithmenos.
  3665 | D:4      | Became a worshipper of Vehumet
  4227 | D:4      | Reached XP level 7. HP: 36/36 MP: 11/13
  4479 | D:5      | Entered Level 5 of the Dungeon
  5073 | D:5      | Noticed Pikel
  5360 | D:5      | Found a sacrificial altar of Ru.
  5385 | D:5      | Reached skill level 7 in Earth Magic
  5520 | D:4      | Learned a level 3 spell: Stone Arrow
  5531 | D:5      | Found a stormy altar of Qazlal.
  5531 | D:5      | Found a snail-covered altar of Cheibriados.
  5789 | D:5      | Reached skill level 5 in Spellcasting
  6287 | D:5      | Killed Pikel
  6288 | D:5      | Reached skill level 5 in Armour
  6288 | D:5      | Reached skill level 8 in Earth Magic
  6288 | D:5      | Reached XP level 8. HP: 41/41 MP: 11/16
  6426 | D:5      | Noticed Edmund
  6434 | D:5      | Killed Edmund
  6965 | D:6      | Reached skill level 1 in Conjurations
  7320 | D:6      | Reached skill level 9 in Earth Magic
  7320 | D:6      | Reached XP level 9. HP: 45/45 MP: 15/19
  7492 | D:6      | Found a basalt altar of Yredelemnul.
  7544 | D:6      | Reached * piety under Vehumet
  7544 | D:6      | Offered knowledge of Magic Dart by Vehumet.
  8793 | D:6      | Found an ancient bone altar of Kikubaaqudgha.
  9260 | D:6      | Found a white marble altar of Elyvilon.
  9415 | D:7      | Noticed Dowan
  9416 | D:7      | Noticed Duvessa
  9901 | D:7      | Reached skill level 10 in Earth Magic
 10055 | D:7      | Killed Dowan
 10316 | D:7      | Killed Duvessa
 10522 | D:7      | Found a staircase to the Ecumenical Temple.
 10638 | D:7      | Reached skill level 5 in Conjurations
 10801 | D:8      | Noticed Psyche
 10806 | D:7      | Killed Psyche
 11520 | D:7      | Reached XP level 10. HP: 40/50 MP: 19/21
 11688 | D:8      | Noticed a two-headed ogre
 11696 | D:8      | Killed a two-headed ogre
 11697 | D:8      | Reached skill level 11 in Earth Magic
 11701 | D:8      | Noticed Gastronok
 12201 | D:8      | Reached skill level 1 in Fighting
 12277 | D:8      | Killed Gastronok
 12388 | D:8      | Found a shimmering blue altar of Sif Muna.
 12501 | D:8      | Reached ** piety under Vehumet
 12501 | D:8      | Offered knowledge of Searing Ray by Vehumet.
 12556 | D:8      | Noticed Erica
 12566 | D:8      | Killed Erica
 12661 | D:8      | Found Atizadoe's General Store.
 12886 | D:9      | Reached skill level 5 in Fighting
 12889 | D:9      | Reached XP level 11. HP: 63/63 MP: 4/23
 13452 | D:9      | Noticed a catoblepas
 13968 | D:9      | Killed a catoblepas
 13969 | D:9      | Reached skill level 12 in Earth Magic
 14074 | D:9      | Found a sparkling altar of Nemelex Xobeh.
 14101 | D:9      | Identified the +3 arbalest of Eternal Night {speed, Dex+4}
 14101 | D:9      | Noticed a centaur warrior
 14104 | D:9      | Noticed a deep elf pyromancer
 14105 | D:9      | Killed a centaur warrior
 14105 | D:9      | Noticed a green ugly thing
 14589 | D:9      | Identified the +0 chain mail of Coonoim {Rampage Str+6
                  | Int+2}
 14705 | D:9      | Found a bloodstained altar of Trog.
 14769 | D:9      | Noticed a centaur warrior
 15065 | D:8      | Killed a green ugly thing
 15243 | D:9      | Noticed a cyclops
 15701 | D:8      | Killed a centaur warrior
 15904 | D:9      | Killed a cyclops
 16011 | D:9      | Noticed a cyan ugly thing
 16016 | D:9      | Killed a cyan ugly thing
 16138 | D:9      | Noticed a cyclops
 16144 | D:9      | Killed a cyclops
 16418 | D:9      | Reached XP level 12. HP: 72/75 MP: 13/25
 16424 | D:9      | Learned a level 5 spell: Borgnjor's Vile Clutch
 16575 | D:8      | Offered knowledge of Momentum Strike by Vehumet.
 16906 | D:9      | Reached skill level 5 in Dodging
 17188 | D:9      | Found a transporter.
 17214 | D:9      | Found a transporter.
 17224 | D:9      | Noticed avis's ghost (novice DgHu)
 17258 | D:9      | Found Qisorom's Demolitions Depot.
 17303 | D:9      | Bought a book of Blasting for 480 gold pieces
 17447 | D:9      | Learned a level 5 spell: Lee's Rapid Deconstruction
 17453 | D:10     | Entered Level 10 of the Dungeon
 17456 | D:10     | Reached skill level 1 in Necromancy
 17950 | D:10     | Noticed a two-headed ogre
 17956 | D:10     | Killed a two-headed ogre
 18132 | D:10     | Noticed Harold
 18159 | D:10     | Killed Harold
 18159 | D:10     | Reached *** piety under Vehumet
 18179 | D:10     | Noticed Maggie
 18211 | D:9      | Reached skill level 10 in Spellcasting
 18278 | D:10     | Killed Maggie
 18279 | D:10     | Reached skill level 13 in Earth Magic
 18649 | D:10     | Noticed a two-headed ogre
 18662 | D:10     | Killed a two-headed ogre
 18791 | D:10     | Found Tinlum's Weapon Emporium.
 19051 | D:11     | Noticed sirJeffrey23's ghost (journeyman DECj)
 19051 | D:11     | Found a runed translucent gate.
 19051 | D:11     | Found a runed translucent gate.
 19051 | D:11     | Found an opulent altar of Gozag.
 19051 | D:11     | Found a runed translucent gate.
 19052 | D:11     | Noticed a boulder beetle
 19053 | D:11     | Noticed a boulder beetle
 19054 | D:11     | Noticed a two-headed ogre
 19065 | D:10     | Killed a boulder beetle
 19306 | D:11     | Offered knowledge of Olgreb's Toxic Radiance by Vehumet.
 19326 | D:11     | Killed a two-headed ogre
 19336 | D:11     | Noticed Grum
 19489 | D:11     | Found a staircase to the Orcish Mines.
 19835 | D:10     | Reached skill level 10 in Fighting
 19905 | D:10     | Reached **** piety under Vehumet
 20075 | D:11     | Offered knowledge of Irradiate by Vehumet.
 20082 | D:11     | Killed Grum
 20694 | D:11     | Found a staircase to the Lair.
 20859 | D:12     | Reached XP level 13. HP: 62/83 MP: 3/27
 21000 | D:12     | Noticed Azrael
 22325 | D:11     | Killed Azrael
 23152 | D:11     | Reached skill level 10 in Conjurations
 25652 | Lair:1   | Entered Level 1 of the Lair of Beasts
 25835 | Lair:1   | Reached skill level 14 in Earth Magic
 26736 | Lair:2   | Found a runed translucent gate.
 26736 | Lair:2   | Found a runed translucent gate.
 26737 | Lair:2   | Found a runed translucent gate.
 26742 | Lair:2   | Noticed Pacea's ghost (journeyman OpWn)
 27699 | Lair:2   | Reached ***** piety under Vehumet
 28000 | Lair:2   | Offered knowledge of Arcjolt by Vehumet.
 28023 | Lair:2   | Gained mutation: Your large and strong wings let you fly.
                  | [Gargoyle growth]
 28023 | Lair:2   | Reached XP level 14. HP: 92/92 MP: 20/29
 28229 | Lair:2   | Found a staircase to the Swamp.
 28776 | Lair:3   | Reached skill level 15 in Earth Magic
 29579 | Lair:3   | Found a staircase to the Snake Pit.
 30169 | Lair:4   | Noticed Nessos
 30175 | Lair:4   | Killed Nessos
 30197 | Lair:4   | Killed from afar by a rime drake

Illustrated notes

Levels and vault maps discovered:
D:1:      amcnicky_arrival_flooded_fountain, layout_rooms,
          minmay_three_crescents
D:2:      layout_basic, basic_altar
D:3:      layout_basic, serial_shops, shop, item_on_display_a
D:4:      layout_basic, grunt_temple_overflow_lords_of_destruction,
          overflow_temple_1_default, grunt_dithmenos_smoke,
          minmay_misc_feat_square
D:5:      layout_gridville, grunt_temple_overflow_open,
          chequers_serial_rivers_small_b, uniq_pikel, uniq_edmund
D:6:      layout_basic, lemuel_mausoleum_altar_kikubaaqudgha,
          kennysheep_ying_yang, dk_noncrumbling_3
D:7:      layout_loops_cross, minmay_temple_entry_gardened_gates,
          minmay_misc_feat_chi, uniq_duvessa
D:8:      layout_rooms, lemuel_blue_sif_altar, serial_shops, shop, uniq_psyche,
          uniq_gastronok, uniq_erica
D:9:      nzn_winding_woodlands_large [nzn_winding_woodlands_5x5_three,
          nzn_winding_woodlands_5x15_split_checker,
          nzn_winding_woodlands_5x5_checkerboard,
          nzn_winding_woodlands_center_triple_pond,
          nzn_winding_woodlands_15x15_five_gardens,
          nzn_winding_woodlands_center_pierced_h,
          nzn_winding_woodlands_5x5_default, nzn_winding_woodlands_5x15_garden,
          nzn_winding_woodlands_5x5_default], layout_rooms,
          nemelex_spade_bored_becter, lightli_temple_of_fire,
          gammafunk_ghost_berserking_beasts, nicolae_blasting_shop
D:10:     layout_long_grid, serial_shops, shop_coins, grunt_decor_one_mirror,
          uniq_maggie, uniq_harold
D:11:     layout_rooms, lair_entry_dummy,
          kennysheep_orc_monster_closet_entryway, ebering_ghost_gozag,
          minmay_misc_feat_diagonals, uniq_grum
D:12:     layout_irregular_city, uniq_azrael
D:13:     minmay_ornate_pinched, layout_rooms, erik_vaults_1, st_stairs_8
Lair:1:   layout_cellular_growth
Lair:2:   layout_small_grid, palyth_hydra_swamp_entry,
          gammafunk_ghost_necromancy, minmay_stone_trees_medium
Lair:3:   layout_regular_city, minmay_snake_entry_six_corridors
Lair:4:   layout_gridlike, slime_entry_1, ebering_ghost_xom, uniq_nessos

Skill      XL: |  1  2  3  4  5  6  7  8  9 10 11 12 13 14 |
---------------+-------------------------------------------+-----
Earth Magic    | 4 5 6 8 9 10 11 12 13 14 15 | 15.5
Spellcasting   | 3 4 5 6 7 8 9 10 11 | 11.3
Armour         | 1 2 5 6 7 |  7.0
Conjurations   | 2 5 7 8 9 10 11 | 11.2
Fighting       | 5 8 10 12 13 | 13.0
Dodging        | 3 4 5 6 7 |  7.3
Necromancy     | 3 4 |  4.0
Stealth        | |  2.1
Transmutations | |  0.7

Action                   |  1- 3 |  4- 6 |  7- 9 | 10-12 | 13-15 || total
-------------------------+-------+-------+-------+-------+-------++-------
Melee: Unarmed           |     9 |       |     3 |     7 |       ||    19
 Cast: Sandblast         |    57 |    66 |   109 |   112 |   131 ||   475
       Stone Arrow       |       |       |    41 |   219 |   126 ||   386
       Lee's Rapid Decon |       |       |       |       |    60 ||    60
       Borgnjor's Vile C |       |       |       |       |    23 ||    23
  Use: Scroll            |       |       |    13 |     9 |     3 ||    25
       Potion            |       |       |       |     3 |       ||     3
Armor: Robe              |     6 |       |       |       |       ||     6
       Leather armour    |     2 |    13 |    50 |     7 |       ||    72
       Scale mail        |       |       |       |   140 |   134 ||   274
Dodge: Dodged            |    15 |     9 |    63 |   178 |   199 ||   464

Table legend: (Time is in decaauts)
 A = Elapsed time spent in this place.
 B = Non-inter-level travel time spent in this place.
 C = Inter-level travel time spent in this place.
 D = Time resting spent in this place.
 E = Time spent auto-exploring this place.
 F = Levels seen in this place.
 G = Mean time per level.
                   A        B        C        D        E       F      G
               +--------+--------+--------+--------+--------+-----+--------+
         Total |  30503 |  29817 |    686 |  14105 |  11405 |  17 | 1794.3 |
       Dungeon |  25895 |  25287 |    608 |  13264 |   8367 |  13 | 1991.9 |
          Lair |   4608 |   4530 |     78 |    841 |   3038 |   4 | 1152.0 |
               +--------+--------+--------+--------+--------+-----+--------+

Top non-repeatable levels by time:
    D:11: 3071 daAuts
     D:6: 3063 daAuts
     D:9: 3015 daAuts
    D:10: 2668 daAuts
     D:8: 2595 daAuts
     D:7: 2591 daAuts
    D:12: 1884 daAuts
     D:4: 1784 daAuts
  Lair:2: 1712 daAuts
     D:5: 1654 daAuts
  Lair:3: 1473 daAuts
  Lair:1: 1392 daAuts
     D:1: 1292 daAuts
     D:2: 1239 daAuts
     D:3: 846 daAuts
